 Dungeon Crawl Stone Soup version 0.25.1-9-gc5326a611f (webtiles) character file.

Game seed: 11839319211408516395

5609 Clowwww the Cleaver (level 10, -2/77 HPs)
             Began as a Demonspawn Fighter on Dec 31, 2020.
             Was a Priest of Trog.
             Slain by a yak (12 damage)
             ... on level 9 of the Dungeon.
             The game lasted 00:20:18 (11405 turns).

Clowwww the Cleaver (Demonspawn Fighter)           Turns: 11405, Time: 00:20:19

Health: -2/77      AC: 11    Str: 25    XL:     10   Next: 45%
Magic:  10/10      EV: 10    Int:  9    God:    Trog [***...]
Gold:   584        SH: 17    Dex: 14    Spells: 9/9 levels left

rFire    . . .     SeeInvis .   a - +1 war axe
rCold    + . .     Gourm    .   c - +0 kite shield
rNeg     + . .     Faith    .   b - +2 scale mail
rPois    .         Spirit   .   (helmet restricted)
rElec    .         Reflect  .   (no cloak)
rCorr    .         Harm     .   e - +0 pair of gloves
MR       .....                  (no boots)
Stlth    ..........             u - amulet of the acrobat
HPRegen  0.22/turn              r - +6 ring of strength
MPRegen  0.12/turn              A - ring of positive energy

@: no status effects
A: horns 1, large bone plates 2, cold resistance 1, foul stench 1, rot immunity
a: Berserk, Trog's Hand, Renounce Religion


You were on level 9 of the Dungeon.
You worshipped Trog.
Trog was most pleased with you.
You were near starving.

You visited 1 branch of the dungeon, and saw 9 of its levels.

You collected 584 gold pieces.

Inventory:

Hand Weapons
 a - a +1 war axe (weapon)
Missiles
 G - 2 throwing nets (quivered)
Armour
 b - a +2 scale mail (worn)
 c - a +0 kite shield (worn)
 e - a +0 pair of gloves (worn)
Jewellery
 h - an uncursed ring of fire
 l - an uncursed ring of positive energy
 r - a +6 ring of strength (left hand)
 u - an amulet of the acrobat (around neck)
 v - an uncursed amulet of magic regeneration
 y - an uncursed ring of ice
 A - a ring of positive energy (right hand)
 F - an uncursed ring of protection from fire {unknown}
Wands
 d - a wand of digging (5)
 z - a wand of clouds (7)
 C - a wand of random effects (15)
 D - a wand of paralysis (14)
 I - a wand of flame (2)
 J - a wand of acid (11)
Scrolls
 j - 3 scrolls of teleportation
 k - 3 scrolls of magic mapping
 m - a scroll of fog
 p - 3 scrolls of remove curse
 q - 2 scrolls of blinking
 t - 2 scrolls of fear
Potions
 g - 2 potions of flight
 i - 2 potions of ambrosia
 n - a potion of stabbing
 o - 6 potions of curing
 s - 2 potions of magic
 w - 2 potions of lignification {unknown}
 x - 2 potions of invisibility
 B - a potion of cancellation {unknown}
Comestibles
 f - 17 rations


   Skills:
 + Level 6.4 Fighting
 + Level 9.5 Axes
 + Level 6.4 Armour
 + Level 3.8 Dodging
 + Level 1.1 Stealth
 + Level 6.9 Shields


You had 9 spell levels left.
You didn't know any spells.
Your spell library was empty.

Dungeon Overview and Level Annotations

Branches:
Dungeon (9/15)             Temple (0/1) D:6
   Lair: D:8-11         Orc: D:9-12

Altars:
Cheibriados
Gozag
Hepliaklqana
Nemelex Xobeh
Ru
Sif Muna
Trog
Vehumet
Xom

Annotations:
D:5 1 runed translucent door, Crazy Yiuf


Innate Abilities, Weirdness & Mutations

You have a pair of small horns on your head.
You are mostly covered in large bone plates. (SH +6)
Your flesh is cold resistant. (rC+)
You may emit foul miasma when damaged in melee.
You are immune to rotting.


Message History

The orc warrior is severely wounded.
You closely miss the yak. You hit the yak but do no damage.
You block the yak's attack. The yak gores you.
The orc warrior barely misses you. You block the yak's attack.
You hit the orc warrior but do no damage.
The orc warrior is severely wounded.
You completely miss the yak. You hit the yak. You block the yak's attack.
The orc warrior hits you with a +0 dire flail.
* * * LOW HITPOINT WARNING * * *
You block the yak's attack.
Unknown command.
Okay, then.
You barely miss the orc warrior.
The orc warrior is severely wounded.
You hit the yak but do no damage. You slash the yak!
You block the yak's attack.
The orc warrior hits you with a +0 dire flail!
* * * LOW HITPOINT WARNING * * *
The yak gores you!
You die...

...........#######.#####.#####.##
...........# #.){..........[.
...........# #.#####.......##
...........# #.# #.......#
...o.......# #.# #..<....#
...........# #.# #.......#
...........# #.#####.......#
...........#######.............#
................@Y.#####.#####.##
................Yo.# #.# #...
...................# #.# #...
...................# #.# #...
...................#####.# #...
##########...............#####...
# #.........#####......... #
#.#######.# #.#####... # #.# #.#
#.# #...


You could see 2 yaks and an orc warrior (sick).

Vanquished Creatures
  Harold (D:9)
  A two-headed ogre (D:8)
  An unseen horror (D:9)
  Prince Ribbit (D:5)
  The ghost of denis1488 the Insei, an amateur OpTm (D:4)
  A hippogriff (D:9)
  A yak (D:9)
  A sky beast (D:6)
  An eye of draining (D:8)
  A centaur (D:8)
  5 ogres
  A big kobold (D:9)
  4 bullfrogs
  A gnoll sergeant (D:4)
  3 scorpions
  3 wights (D:7)
  5 howler monkeys
  2 electric eels (D:8)
  2 crimson imps
  A centaur zombie (D:8)
  A bullfrog zombie (D:9)
  5 orc priests
  4 bullfrog skeletons
  A gnoll shaman (D:6)
  2 hounds
  6 orc wizards
  3 iguanas
  9 worker ants
  Natasha (thrice) (D:2)
  A hound zombie (D:5)
  13 adders
  14 gnolls
  An ooze (D:7)
  2 adder zombies
  2 worms (D:3)
  4 dart slugs
  10 leopard geckos
  22 orcs
  8 giant cockroaches
  11 goblins
  13 hobgoblins
  22 jackals
  4 ball pythons
  7 bats
  5 frilled lizards
  8 kobolds
  7 rats
225 creatures vanquished.

Vanquished Creatures (others)
  2 withered plants (D:4)
2 creatures vanquished.

Grand Total: 227 creatures vanquished

Notes
Turn   | Place    | Note
-------+----------+-------------------------------------------
     0 | D:1      | Clowwww the Demonspawn Fighter began the quest for the Orb.
     0 | D:1      | Reached XP level 1. HP: 18/18 MP: 1/1
   138 | D:1      | Gained mutation: You have a pair of small horns on your
                  | head. [demonic ancestry]
   138 | D:1      | Reached XP level 2. HP: 24/24 MP: 2/2
   210 | D:1      | Reached skill level 2 in Axes
   332 | D:1      | Gained mutation: You are immune to rotting. [demonic
                  | ancestry]
   332 | D:1      | Reached XP level 3. HP: 27/29 MP: 3/3
  1181 | D:2      | Gained mutation: You are partially covered in large bone
                  | plates. (SH +4) [demonic ancestry]
  1181 | D:2      | Reached XP level 4. HP: 23/35 MP: 4/4
  1428 | D:2      | Noticed Natasha
  1435 | D:2      | Reached skill level 3 in Axes
  1442 | D:2      | Killed Natasha
  1829 | D:2      | Gained mutation: You may emit foul miasma when damaged in
                  | melee. [demonic ancestry]
  1829 | D:2      | Reached XP level 5. HP: 3/41 MP: 5/5
  2192 | D:2      | Noticed Natasha
  2202 | D:2      | Killed Natasha
  2400 | D:2      | Noticed Natasha
  2408 | D:2      | Killed Natasha
  2681 | D:3      | Reached skill level 1 in Dodging
  2788 | D:3      | Reached XP level 6. HP: 47/47 MP: 6/6
  2797 | D:3      | Reached skill level 4 in Axes
  3049 | D:3      | Found a faded altar of an unknown god.
  3076 | D:3      | Found an opulent altar of Gozag.
  3076 | D:3      | Found a sparkling altar of Nemelex Xobeh.
  3215 | D:3      | Found a radiant altar of Vehumet.
  3365 | D:3      | Found a bloodstained altar of Trog.
  3373 | D:3      | Became a worshipper of Trog the Wrathful
  3787 | D:4      | Gained mutation: You are mostly covered in large bone
                  | plates. (SH +6) [demonic ancestry]
  3787 | D:4      | Reached XP level 7. HP: 23/53 MP: 7/7
  4118 | D:4      | Found a snail-covered altar of Cheibriados.
  4492 | D:4      | Found a runed translucent door.
  4501 | D:4      | Noticed denis1488's ghost (amateur OpTm)
  5189 | D:4      | Killed denis1488's ghost
  5189 | D:4      | Reached skill level 5 in Axes
  5313 | D:5      | Entered Level 5 of the Dungeon
  5495 | D:5      | Reached * piety under Trog
  5545 | D:5      | Noticed Prince Ribbit
  5572 | D:5      | Gained mutation: Your flesh is cold resistant. (rC+)
                  | [demonic ancestry]
  5572 | D:5      | Reached XP level 8. HP: 22/61 MP: 8/8
  5783 | D:5      | Killed Prince Ribbit
  5974 | D:5      | Reached skill level 5 in Shields
  6350 | D:5      | Reached skill level 5 in Armour
  6364 | D:5      | Found a runed translucent door.
  6365 | D:5      | Noticed Crazy Yiuf
  6701 | D:6      | Reached skill level 6 in Axes
  6983 | D:6      | Found a staircase to the Ecumenical Temple.
  7290 | D:6      | Found a bloodstained altar of Trog.
  7332 | D:6      | Reached ** piety under Trog
  8165 | D:7      | Got a distressingly furry cloak
  8171 | D:7      | Identified the +2 cloak of Yquzoj {+Inv MR- Int+10 Slay-6}
                  | (You found it on level 7 of the Dungeon)
  8573 | D:7      | Reached XP level 9. HP: 61/67 MP: 9/9
  8587 | D:7      | Reached skill level 5 in Fighting
  8587 | D:7      | Reached skill level 7 in Axes
  9100 | D:8      | Noticed a two-headed ogre
  9117 | D:8      | Killed a two-headed ogre
  9117 | D:8      | Reached skill level 8 in Axes
  9117 | D:8      | Reached skill level 1 in Stealth
  9312 | D:8      | Found a shimmering blue altar of Sif Muna.
  9563 | D:8      | Found a shimmering altar of Xom.
  9564 | D:8      | Found a hazy altar of Hepliaklqana.
  9564 | D:8      | Noticed a hell beast
  9565 | D:8      | Noticed a spectral ugly thing
  9565 | D:8      | Noticed a hell beast
  9712 | D:8      | Found a sacrificial altar of Ru.
  9723 | D:8      | Got a glittering marble ring
  9725 | D:8      | Identified the cursed ring "Oro Luol" {Dex-4 Stlth+} (You
                  | found it on level 8 of the Dungeon)
 10426 | D:9      | Killed an unseen horror
 10426 | D:9      | Reached XP level 10. HP: 25/76 MP: 10/10
 10834 | D:9      | Reached skill level 9 in Axes
 11078 | D:9      | Reached *** piety under Trog
 11326 | D:9      | Noticed Harold
 11352 | D:9      | Killed Harold
 11352 | D:9      | Identified the +8 glaive "Spiderbane" {flame, +Rage rPois}
 11405 | D:9      | Slain by a yak

Illustrated notes

Levels and vault maps discovered:
D:1:      sevenhm_arrival_forest_fort_large_4, layout_basic
D:2:      cheibrodos_pilgrimage, layout_rooms, first_ration,
          kennysheep_generic_room_5, uniq_natasha
D:3:      layout_rooms, grunt_temple_overflow_opulence, lemuel_crystal_altar,
          chequers_ecumenical_altar_simple, serial_glass, glass_columns_a,
          glass_columns_c, trog_hazing_becter
D:4:      layout_loops_corners, marbit_many_paths, gammafunk_ghost_grave,
          lightli_minifort
D:5:      layout_cave_pods, palyth_stone_intersect, uniq_prince_ribbit1,
          uniq_crazy_yiuf_cottage
D:6:      layout_basic, lemuel_crystal_altar, minmay_temple_entry_nine_rooms
D:7:      layout_loops_corners
D:8:      layout_loops_corners, regret_index_temple_of_mockery, led_sif_book,
          basic_altar, water_boxes_lemuel
D:9:      layout_small_grid, uniq_harold

Skill      XL: |  1  2  3  4  5  6  7  8  9 10 |
---------------+-------------------------------+-----
Axes           | 2 3 4 5 6 8 9 |  9.5
Shields        | 3 4 5 6 |  6.9
Armour         | 3 4 5 6 |  6.4
Dodging        | 1 2 3 |  3.8
Fighting       | 4 5 6 |  6.4
Stealth        | 1 |  1.1

Action                   |  1- 3 |  4- 6 |  7- 9 | 10-12 || total
-------------------------+-------+-------+-------+-------++-------
Melee: War axe           |    89 |   164 |   393 |    79 ||   725
       Headbutt          |    12 |    25 |    92 |    20 ||   149
Invok: Berserk           |       |       |     1 |     2 ||     3
  Use: Scroll            |     2 |       |    17 |     1 ||    20
       Potion            |       |     2 |     1 |     1 ||     4
  Eat: Chunk             |     1 |     8 |    23 |     3 ||    35
Armor: Scale mail        |    43 |    82 |   102 |    17 ||   244
Dodge: Dodged            |    20 |    61 |   102 |    24 ||   207
Block: Kite shield       |    42 |   163 |   296 |    81 ||   582
